| TOP OF THE 1ST |
|
Helena Brewers batting - Pitching for Grand Junction Rockies : RHP Lorenzo Pacheco
|
|
Pitching: RHP Lorenzo Pacheco
|
|
|
Batting: RHB Jose Cerritos
|
0-0: Foul Ball, location: 2F 0-1: Called Strike 0-2: Ball 1-2: Foul Ball, location: 2F 1-2: Ball 2-2: Fly out, F8 (Flyball, 78M, EV 83.1 MPH)
|
|
Batting: LHB Karel Hort
|
0-0: Foul Ball, location: 2F 0-1: Ball 1-1: Ball 2-1: Fly out, F8 (Flyball, 8LM, EV 92.5 MPH)
|
|
Batting: RHB Ryan Miller
|
0-0: Ball 1-0: Called Strike 1-1: TRIPLE (Line Drive, 78XD, EV 108.1 MPH)
|
|
Batting: SHB Orlando Torres
|
0-0: Ball 1-0: Ground out 4-3 (Groundball, 4, EV 90.6 MPH)
|
| Top of the 1st over - 0 runs, 1 hit, 0 errors, 1 left on base; Helena 0 - Grand Junction 0 |
| BOTTOM OF THE 1ST |
|
Grand Junction Rockies batting - Pitching for Helena Brewers : LHP Hiroshi Matsuda
|
|
Pitching: LHP Hiroshi Matsuda
|
|
|
Batting: RHB Juan Figueroa
|
0-0: Called Strike 0-1: Ball 1-1: Ball 2-1: Ball 3-1: Called Strike 3-2: Base on Balls
|
|
Batting: LHB Iehohs Inatho
|
0-0: Ball 1-0: Ball Juan Figueroa steals 2nd base 2-0: Ball 3-0: Base on Balls
|
|
Batting: RHB John Stevenson
|
0-0: Called Strike 0-1: Ball 1-1: Fly out, F8 (Flyball, 8RD, EV 90.6 MPH)
|
|
Batting: SHB Jeff Sorrels
|
0-0: Ball 1-0: Called Strike Juan Figueroa steals 3rd base Iehohs Inatho to second 1-1: Ball 2-1: Ball 3-1: Swinging Strike 3-2: SINGLE (Groundball, 6D, EV 105.0 MPH) Juan Figueroa scores Iehohs Inatho to third Runner from 3rd tries for Home, SAFE, throw by LF to home Jeff Sorrels to second
|
|
Batting: RHB Doug D'Onofrio
|
0-0: Ground out 6-3 (Groundball, 6, EV 90.6 MPH)
|
|
Batting: RHB Chris Osting
|
0-0: Foul Ball, location: 2F 0-1: Ball Wild Pitch! Jeff Sorrels to third 1-1: Foul Ball, location: 2F 1-2: Ball 2-2: Foul Ball, location: 2F 2-2: Foul Ball, location: 2F 2-2: Foul Ball, location: 2F 2-2: Foul Ball, location: 2F 2-2: Ball 3-2: Foul Ball, location: 2F 3-2: Foul Ball, location: 2F 3-2: SINGLE (Groundball, 6MD, EV 96.2 MPH) Jeff Sorrels scores
|
|
Batting: RHB Ray Insley
|
0-0: Called Strike 0-1: Ball 1-1: 2-RUN HOME RUN (Flyball, 78XD, EV 111.9 MPH), Distance : 443 ft
|
|
Batting: RHB Willie Benito
|
0-0: Ball 1-0: Called Strike 1-1: Foul Ball, location: 2F 1-2: Ball 2-2: Strikes out swinging
|
| Bottom of the 1st over - 5 runs, 3 hits, 0 errors, 0 left on base; Helena 0 - Grand Junction 5 |
| TOP OF THE 2ND |
|
Helena Brewers batting - Pitching for Grand Junction Rockies : RHP Lorenzo Pacheco
|
|
Batting: LHB Mark Backstrom
|
0-0: Swinging Strike 0-1: Swinging Strike 0-2: Foul Ball, location: 2F 0-2: SINGLE (Groundball, 4MD, EV 99.4 MPH)
|
|
Batting: RHB Alfredo Sena
|
0-0: Foul Ball, location: 2F 0-1: Ball 1-1: Ball 2-1: Ball 3-1: Foul Ball, location: 2F 3-2: SINGLE (Groundball, 34D, EV 95.6 MPH) Mark Backstrom to second
|
|
Batting: RHB Michael Dickerson
|
0-0: Ball 1-0: Foul Ball, location: 2F 1-1: Ball 2-1: Ground out 6-3 (Groundball, 6S, EV 72.5 MPH) Mark Backstrom to third Alfredo Sena to second
|
|
Batting: LHB Danny Bautista
|
0-0: Called Strike 0-1: Foul Ball, location: 2F 0-2: Ball 1-2: Ground out 6-3 (Groundball, P, EV 83.8 MPH) Mark Backstrom scores Alfredo Sena to third
|
|
Batting: RHB Jesus Menjivar
|
0-0: Ball 1-0: Ball 2-0: Foul Ball, location: 2F 2-1: Ball 3-1: Fly out, F8 (Flyball, 89M, EV 83.1 MPH)
|
| Top of the 2nd over - 1 run, 2 hits, 0 errors, 1 left on base; Helena 1 - Grand Junction 5 |
| BOTTOM OF THE 2ND |
|
Grand Junction Rockies batting - Pitching for Helena Brewers : LHP Hiroshi Matsuda
|
|
Batting: LHB Harry Folsom
|
0-0: Called Strike 0-1: Ball 1-1: Ball 2-1: Swinging Strike 2-2: Ball 3-2: Fly out, F8 (Flyball, 8LD, EV 88.8 MPH)
|
|
Batting: RHB Juan Figueroa
|
0-0: Ball 1-0: Fly out, F9 (Flyball, 9S, EV 81.9 MPH)
|
|
Batting: LHB Iehohs Inatho
|
0-0: Called Strike 0-1: Ball 1-1: Swinging Strike 1-2: Ball 2-2: Foul Ball, location: 2F 2-2: Strikes out swinging
|
| Bottom of the 2nd over - 0 runs, 0 hits, 0 errors, 0 left on base; Helena 1 - Grand Junction 5 |
| TOP OF THE 3RD |
|
Helena Brewers batting - Pitching for Grand Junction Rockies : RHP Lorenzo Pacheco
|
|
Batting: RHB Jose Cerritos
|
0-0: Ball 1-0: Called Strike 1-1: Foul Ball, location: 2F 1-2: Ground out 4-3 (Groundball, 4, EV 80.0 MPH)
|
|
Batting: LHB Karel Hort
|
0-0: Ball 1-0: Swinging Strike 1-1: Ball 2-1: Ball 3-1: Base on Balls
|
|
Batting: RHB Ryan Miller
|
0-0: Foul Ball, location: 2F 0-1: Fly out, F8 (Flyball, 8RXD, EV 100.6 MPH) Runner from 1st tags up, SAFE at 2nd
|
|
Batting: SHB Orlando Torres
|
0-0: Ball 1-0: Swinging Strike 1-1: Foul Ball, location: 2F 1-2: Ball 2-2: Ground out U3 (Groundball, 3, EV 83.8 MPH)
|
| Top of the 3rd over - 0 runs, 0 hits, 0 errors, 1 left on base; Helena 1 - Grand Junction 5 |
| BOTTOM OF THE 3RD |
|
Grand Junction Rockies batting - Pitching for Helena Brewers : LHP Hiroshi Matsuda
|
|
Pitching: RHP Pedro Campos
|
|
|
Batting: RHB John Stevenson
|
0-0: Called Strike 0-1: Fly out, F8 (Flyball, 8RM, EV 91.9 MPH)
|
|
Batting: SHB Jeff Sorrels
|
0-0: DOUBLE (Line Drive, 9LS, EV 100.6 MPH)
|
|
Batting: RHB Doug D'Onofrio
|
0-0: Called Strike 0-1: Ball 1-1: Ball 2-1: Ball 3-1: Base on Balls
|
|
Batting: RHB Chris Osting
|
0-0: Ball 1-0: Called Strike 1-1: Ball 2-1: Swinging Strike 2-2: Foul Ball, location: 2F 2-2: Ball Wild Pitch! Jeff Sorrels to third Doug D'Onofrio to second 3-2: Foul Ball, location: 2F 3-2: Ground out 1-3 (Groundball, 34S, EV 71.9 MPH)
|
|
Batting: RHB Ray Insley
|
0-0: SINGLE (Groundball, 34S, EV 69.4 MPH) (infield hit) Jeff Sorrels scores Doug D'Onofrio to third
|
|
Batting: RHB Willie Benito
|
0-0: Called Strike 0-1: DOUBLE (Line Drive, 89XD, EV 108.1 MPH) Doug D'Onofrio scores Ray Insley to third
|
|
Batting: LHB Harry Folsom
|
0-0: Ball 1-0: Foul Ball, location: 2F 1-1: Ball 2-1: Ball 3-1: Ground out U3 (Groundball, 34S, EV 83.8 MPH)
|
| Bottom of the 3rd over - 2 runs, 3 hits, 0 errors, 2 left on base; Helena 1 - Grand Junction 7 |
| TOP OF THE 4TH |
|
Helena Brewers batting - Pitching for Grand Junction Rockies : RHP Lorenzo Pacheco
|
|
Batting: LHB Mark Backstrom
|
0-0: Ball 1-0: Ball 2-0: Fly out, F8 (Line Drive, 8RD, EV 105.6 MPH)
|
|
Batting: RHB Alfredo Sena
|
0-0: Called Strike 0-1: Foul Ball, location: 2F 0-2: Ball 1-2: Ball 2-2: Fly out, F8 (Flyball, 8RD, EV 81.9 MPH)
|
|
Batting: RHB Michael Dickerson
|
0-0: Called Strike 0-1: Ground out U3 (Groundball, 34, EV 108.1 MPH)
|
| Top of the 4th over - 0 runs, 0 hits, 0 errors, 0 left on base; Helena 1 - Grand Junction 7 |
| BOTTOM OF THE 4TH |
|
Grand Junction Rockies batting - Pitching for Helena Brewers : RHP Pedro Campos
|
|
Batting: RHB Juan Figueroa
|
0-0: Ball 1-0: Called Strike 1-1: Ground out U3 (Groundball, 34S, EV 80.0 MPH)
|
|
Batting: LHB Iehohs Inatho
|
0-0: Called Strike 0-1: Ball 1-1: Foul Ball, location: 2F 1-2: Ball 2-2: Foul Ball, location: 2F 2-2: Ball 3-2: Foul Ball, location: 2F 3-2: Fly out, F9 (Line Drive, 89M, EV 98.8 MPH)
|
|
Batting: RHB John Stevenson
|
0-0: Ball 1-0: SINGLE (Groundball, 6MS, EV 68.1 MPH) (infield hit)
|
|
Batting: SHB Jeff Sorrels
|
0-0: Ball 1-0: Foul Ball, location: 2F 1-1: 2-RUN HOME RUN (Flyball, 9D, EV 109.4 MPH), Distance : 407 ft
|
|
Pitching: RHP Adam Robinson
|
|
|
Batting: RHB Doug D'Onofrio
|
0-0: Ball 1-0: Ball 2-0: Ball 3-0: Called Strike 3-1: Swinging Strike 3-2: Foul Ball, location: 2F 3-2: Ground out 3-1 (Groundball, 34, EV 81.2 MPH)
|
| Bottom of the 4th over - 2 runs, 2 hits, 0 errors, 0 left on base; Helena 1 - Grand Junction 9 |
| TOP OF THE 5TH |
|
Helena Brewers batting - Pitching for Grand Junction Rockies : RHP Lorenzo Pacheco
|
|
Batting: LHB Danny Bautista
|
0-0: Called Strike 0-1: Called Strike 0-2: Strikes out swinging, 2-3 out at first.
|
|
Batting: RHB Jesus Menjivar
|
0-0: Ball 1-0: Ball 2-0: Ball 3-0: Called Strike 3-1: Fly out, F4 (Popup, 13, EV 82.5 MPH)
|
|
Batting: RHB Jose Cerritos
|
0-0: Called Strike 0-1: Ball 1-1: Ball 2-1: SINGLE (Groundball, 4S, EV 71.2 MPH) (infield hit)
|
|
Batting: LHB Karel Hort
|
0-0: Called Strike 0-1: Ball 1-1: Ground out U3 (Groundball, 3, EV 88.1 MPH)
|
| Top of the 5th over - 0 runs, 1 hit, 0 errors, 1 left on base; Helena 1 - Grand Junction 9 |
| BOTTOM OF THE 5TH |
|
Grand Junction Rockies batting - Pitching for Helena Brewers : RHP Adam Robinson
|
|
Batting: RHB Chris Osting
|
0-0: Called Strike 0-1: Called Strike 0-2: Ball 1-2: Foul Ball, location: 2F 1-2: Foul Ball, location: 2F 1-2: Ball 2-2: TRIPLE (Line Drive, 89XD, EV 97.5 MPH)
|
|
Batting: RHB Ray Insley
|
0-0: Called Strike 0-1: Called Strike 0-2: Ball 1-2: SINGLE (Groundball, 56S, EV 70.6 MPH) (infield hit) Chris Osting scores
|
|
Batting: RHB Willie Benito
|
0-0: Called Strike 0-1: Swinging Strike 0-2: Foul Ball, location: 2F 0-2: Strikes out looking
|
|
Batting: LHB Harry Folsom
|
0-0: Foul Ball, location: 2F 0-1: Foul Ball, location: 2F 0-2: Ball 1-2: Ball 2-2: Foul Ball, location: 2F 2-2: Foul Ball, location: 2F 2-2: TRIPLE (Line Drive, 89XD, EV 109.4 MPH) Ray Insley scores
|
|
Batting: RHB Juan Figueroa
|
0-0: Foul Ball, location: 2F 0-1: Ball 1-1: Foul Ball, location: 2F 1-2: Ball 2-2: SINGLE (Groundball, 13S, EV 66.9 MPH) (infield hit)
|
|
Batting: LHB Iehohs Inatho
|
0-0: Ball 1-0: Ball 2-0: Ball 3-0: Base on Balls Juan Figueroa to second
|
|
Pitching: RHP Josh Brakefield
|
|
|
Batting: RHB John Stevenson
|
0-0: Called Strike 0-1: Swinging Strike 0-2: Fielders Choice at 2nd, 5-4 (Groundball, 56, EV 85.6 MPH) Harry Folsom scores Juan Figueroa to third
|
|
Batting: SHB Jeff Sorrels
|
0-0: Foul Ball, location: 2F 0-1: Foul Ball, location: 2F 0-2: Foul Ball, location: 2F 0-2: Ball 1-2: 3-RUN HOME RUN (Flyball, 89XD, EV 99.4 MPH), Distance : 423 ft
|
|
Batting: RHB Doug D'Onofrio
|
0-0: Foul Ball, location: 2F 0-1: Called Strike 0-2: Ball 1-2: Ground out 6-3 (Groundball, 6, EV 91.2 MPH)
|
| Bottom of the 5th over - 6 runs, 5 hits, 0 errors, 0 left on base; Helena 1 - Grand Junction 15 |
| TOP OF THE 6TH |
|
Helena Brewers batting - Pitching for Grand Junction Rockies : RHP Lorenzo Pacheco
|
|
Pitching: RHP Gorgonio Sigua
|
|
|
Batting: RHB Ryan Miller
|
0-0: SOLO HOME RUN (Line Drive, 7D, EV 103.8 MPH), Distance : 384 ft
|
|
Batting: SHB Orlando Torres
|
0-0: Called Strike 0-1: Ball 1-1: Called Strike 1-2: Strikes out swinging
|
|
Batting: LHB Mark Backstrom
|
0-0: Foul Ball, location: 2F 0-1: Fly out, F8 (Flyball, 8LD, EV 102.5 MPH)
|
|
Batting: RHB Alfredo Sena
|
0-0: Swinging Strike 0-1: Foul Ball, location: 2F 0-2: Ball 1-2: Ball 2-2: Strikes out swinging
|
| Top of the 6th over - 1 run, 1 hit, 0 errors, 0 left on base; Helena 2 - Grand Junction 15 |
| BOTTOM OF THE 6TH |
|
Grand Junction Rockies batting - Pitching for Helena Brewers : RHP Josh Brakefield
|
|
Batting: RHB Chris Osting
|
0-0: Ball 1-0: Ball 2-0: Called Strike 2-1: Foul Ball, location: 2F 2-2: Foul Ball, location: 2F 2-2: Fly out, F9 (Flyball, 9D, EV 103.1 MPH)
|
|
Pitching: RHP Wiliama Dana
|
|
|
Batting: RHB Ray Insley
|
0-0: Fly out, F9 (Flyball, 9S, EV 91.2 MPH)
|
|
Batting: RHB Willie Benito
|
0-0: Foul Ball, location: 2F 0-1: Ground out 6-3 (Groundball, 6, EV 90.0 MPH)
|
| Bottom of the 6th over - 0 runs, 0 hits, 0 errors, 0 left on base; Helena 2 - Grand Junction 15 |
| TOP OF THE 7TH |
|
Helena Brewers batting - Pitching for Grand Junction Rockies : RHP Gorgonio Sigua
|
|
Batting: RHB Michael Dickerson
|
0-0: Ball 1-0: Swinging Strike 1-1: Foul Ball, location: 2F 1-2: Foul Ball, location: 2F 1-2: Ball 2-2: Ball 3-2: Base on Balls
|
|
Batting: LHB Danny Bautista
|
0-0: Called Strike 0-1: Called Strike 0-2: Ball 1-2: Strikes out swinging
|
|
Pitching: RHP Bobby Servin
|
|
|
Batting: RHB Jesus Menjivar
|
0-0: Called Strike 0-1: Foul Ball, location: 2F 0-2: Strikes out swinging
|
|
Batting: RHB Jose Cerritos
|
0-0: Ball 1-0: Called Strike 1-1: Ball 2-1: Swinging Strike 2-2: Strikes out swinging
|
| Top of the 7th over - 0 runs, 0 hits, 0 errors, 1 left on base; Helena 2 - Grand Junction 15 |
| BOTTOM OF THE 7TH |
|
Grand Junction Rockies batting - Pitching for Helena Brewers : RHP Wiliama Dana
|
|
Batting: LHB Harry Folsom
|
0-0: Swinging Strike 0-1: Ball 1-1: Swinging Strike 1-2: Strikes out swinging
|
|
Batting: RHB Juan Figueroa
|
0-0: Ball 1-0: Swinging Strike 1-1: Foul Ball, location: 2F 1-2: Foul Ball, location: 2F 1-2: Fly out, F9 (Flyball, 9D, EV 98.8 MPH)
|
|
Batting: LHB Iehohs Inatho
|
0-0: Ball 1-0: Foul Ball, location: 2F 1-1: Foul Ball, location: 2F 1-2: Strikes out looking
|
| Bottom of the 7th over - 0 runs, 0 hits, 0 errors, 0 left on base; Helena 2 - Grand Junction 15 |
| TOP OF THE 8TH |
|
Helena Brewers batting - Pitching for Grand Junction Rockies : RHP Bobby Servin
|
|
Batting: LHB Karel Hort
|
0-0: Called Strike 0-1: Called Strike 0-2: Foul Ball, location: 2F 0-2: Ball 1-2: Foul Ball, location: 2F 1-2: Fly out, F8 (Line Drive, 8LM, EV 85.6 MPH)
|
|
Batting: RHB Ryan Miller
|
0-0: Ball 1-0: Called Strike 1-1: Ball 2-1: Foul Ball, location: 2F 2-2: Strikes out swinging
|
|
Batting: SHB Orlando Torres
|
0-0: Ball 1-0: Ball 2-0: Foul Ball, location: 2F 2-1: Ball 3-1: Swinging Strike 3-2: Base on Balls
|
|
Pitching: RHP Josh Blaschke
|
|
|
Batting: LHB Mark Backstrom
|
0-0: Called Strike 0-1: 2-RUN HOME RUN (Flyball, 9LD, EV 94.4 MPH), Distance : 360 ft
|
|
Batting: RHB Alfredo Sena
|
0-0: Ball 1-0: Ball 2-0: Ball 3-0: Base on Balls
|
|
Batting: RHB Michael Dickerson
|
0-0: Ball 1-0: Fly out, F9 (Flyball, 9D, EV 96.2 MPH)
|
| Top of the 8th over - 2 runs, 1 hit, 0 errors, 1 left on base; Helena 4 - Grand Junction 15 |
| BOTTOM OF THE 8TH |
|
Grand Junction Rockies batting - Pitching for Helena Brewers : RHP Wiliama Dana
|
|
Batting: RHB John Stevenson
|
0-0: Swinging Strike 0-1: Foul Ball, location: 2F 0-2: Ball 1-2: Ball 2-2: Ball 3-2: Base on Balls
|
|
Pinch Hitting: RHB T.J. Williams
|
0-0: Swinging Strike 0-1: Fielders Choice at 2nd, 3-6 (Groundball, 34, EV 99.4 MPH)
|
|
Batting: RHB Doug D'Onofrio
|
0-0: Ball 1-0: Grounds into double play, 5-4-3 (Groundball, 56S, EV 83.1 MPH)
|
| Bottom of the 8th over - 0 runs, 0 hits, 0 errors, 0 left on base; Helena 4 - Grand Junction 15 |
| TOP OF THE 9TH |
|
Helena Brewers batting - Pitching for Grand Junction Rockies : RHP Josh Blaschke
|
|
Now at 1B: T.J. Williams
|
|
|
Batting: LHB Danny Bautista
|
0-0: Foul Ball, location: 2F 0-1: Ball 1-1: Ball 2-1: Ball 3-1: Fly out, F4 (Flyball, 3D, EV 90.6 MPH)
|
|
Batting: RHB Jesus Menjivar
|
0-0: Ball 1-0: Called Strike 1-1: Ball 2-1: Swinging Strike 2-2: Ball 3-2: Base on Balls
|
|
Batting: RHB Jose Cerritos
|
0-0: Called Strike 0-1: Foul Ball, location: 2F 0-2: Ball 1-2: Fielders Choice at 2nd, 4-6 (Groundball, 4S, EV 86.2 MPH)
|
|
Pitching: RHP Zi-cheng Zhou
|
|
|
Batting: LHB Karel Hort
|
0-0: Foul Ball, location: 2F 0-1: Swinging Strike 0-2: Strikes out swinging
|
| Top of the 9th over - 0 runs, 0 hits, 0 errors, 1 left on base; Helena 4 - Grand Junction 15 |
|